 Dungeon Crawl Stone Soup version 0.30.1-4-g462c640d31 (webtiles) character file.

Game seed: 13420206547423904222

2831 Almogavar the Protected (level 9, 0/105 (118) HPs)
             Began as a Minotaur Berserker on Aug 26, 2023.
             Was a Believer of Trog.
             Slain by a wight
             ... wielding a +1 short sword of speed
              (1 damage)
             ... on level 7 of the Dungeon.
             The game lasted 00:13:46 (8664 turns).

Almogavar the Protected (Minotaur Berserker)        Turns: 8664, Time: 00:13:47

HP:   0/105 (118)   AC: 10    Str: 25    XL:     9   Next: 45%
MP:   8/8           EV: 12    Int:  4    God:    Trog [**....]
Gold: 378           SH:  0    Dex: 11    Spells: 8/8 levels left

rFire   . . .        a - +0 falchion
rCold   . . .        (no shield)
rNeg    . . .        D - +0 scale mail
rPois   +            (helmet restricted)
rElec   .            o - +0 cloak
rCorr   .            (no gloves)
SInv    .            (no boots)
Will    .....        (no amulet)
Stlth   x              - ring of poison resistance
HPRegen 0.37/turn    (no ring)
MPRegen 0.11/turn

%: no passive effects
@: berserking, heavily drained, very quick
A: horns 2, retaliatory headbutt
a: Renounce Religion, Berserk, Trog's Hand


You were on level 7 of the Dungeon.
You worshipped Trog.
Trog was pleased with you.
You visited 1 branch of the dungeon, and saw 7 of its levels.

You collected 378 gold pieces.

Inventory:

Hand Weapons
 a - a +0 falchion (weapon)
 b - a +1 vampiric whip
 p - a +0 sling
Armour
 n - a +0 chain mail
 o - a +0 cloak (worn)
 B - an orb of guile
 D - a +0 scale mail (worn)
Jewellery
 l - a ring of ice
 x - a ring of poison resistance (left hand)
Wands
 q - a wand of mindburst (13)
 z - a wand of quicksilver (13)
Scrolls
 d - a scroll of poison
 e - a scroll of silence
 g - 3 scrolls of enchant armour
 h - 2 scrolls of noise {unknown}
 i - a scroll of magic mapping {unknown}
 u - 2 scrolls of teleportation {unknown}
 v - a scroll of fog {unknown}
 w - a scroll of blinking {unknown}
 y - 2 scrolls of enchant weapon {unknown}
 A - a scroll of vulnerability {unknown}
 C - a scroll of brand weapon {unknown}
Potions
 f - 2 potions of cancellation
 j - a potion of might {unknown}
 k - a potion of heal wounds {unknown}
 m - 2 potions of mutation {unknown}
 r - a potion of invisibility {unknown}
 s - 3 potions of haste {unknown}
 t - a potion of curing


   Skills:
 + Level 7.2 Fighting
 + Level 9.5 Long Blades
 + Level 2.7 Ranged Weapons
 * Level 9.6 Armour
 + Level 5.5 Dodging


You had 8 spell levels left.
You didn't know any spells.
Your spell library was empty.

Dungeon Overview and Level Annotations

Branches:
Dungeon (7/15)             Temple (0/1) D:5

Altars:
Dithmenos
Makhleb

Shops:
D:3 [=:[(   D:7 (


Innate Abilities, Weirdness & Mutations

You have a pair of horns on your head.
You reflexively headbutt those who attack you in melee.


Message History

The wight hits you with a +0 halberd. The wight hits you with a +3 scimitar!
* * * LOW HITPOINT WARNING * * *
A red film seems to cover your vision as you go berserk!
You feel yourself moving faster!
You feel mighty! The wight misses you. The wight hits you with a +3 scimitar!
* * * LOW HITPOINT WARNING * * *
You slash the wight!
The wight is almost destroyed.
The wight closely misses you. The wight hits you with a +3 scimitar!
* * * LOW HITPOINT WARNING * * *
You barely miss the wight.
The wight is almost destroyed.
You slash the wight!
You feel the power of Trog in you as your rage grows.
You destroy the wight!
Trog accepts your kill. The wight hits you with a +3 scimitar!
* * * LOW HITPOINT WARNING * * *
The wight hits you with a +1 short sword of speed.
* * * LOW HITPOINT WARNING * * *
You feel drained.
* * * LOW HITPOINT WARNING * * *
You hit the wight.
The wight is moderately damaged.
The wight misses you.
You completely miss the wight. Your headbutt misses the wight.
The wight is moderately damaged.
The wight barely misses you. The wight closely misses you.
You furiously retaliate!
You headbutt the wight. You closely miss the wight.
Your headbutt misses the wight.
The wight is moderately damaged.
The wight closely misses you. The wight barely misses you.
You hit the wight.
The wight is heavily damaged.
You hit the wight.
The wight is almost destroyed.
The wight hits you with a +1 short sword of speed.
* * * LOW HITPOINT WARNING * * *
You feel drained.
You die...

.#.## #.#.......#
....## #.#......#
.#...#####.#......
.#.#....##.#......
#............# #
####...##....# .#
###.##.[#.# ..#
#..#..#.####...#
##..>.#...@)...#
#....+..)zz...#
#.####......###
#.# #......# #.
#......# #......#
#......# #......#


You could see 2 wights.

Vanquished Creatures
  A two-headed ogre (D:4)
  Eustachio (D:6)
  The ghost of YordlordTheGreat the Scratcher, an amateur FeTm (D:5)
  A black bear (D:5)
  2 ogres
  3 phantoms
  Blork the orc (D:4)
  5 scorpions
  2 wights (D:7)
  A water moccasin zombie (D:4)
  A water moccasin skeleton (D:4)
  2 bullfrog zombies (D:4)
  4 hounds
  2 jellies
  2 orc priests (D:7)
  2 gnoll boudas
  2 iguanas
  7 scorpion zombies (D:4)
  2 orc wizards (D:7)
  2 hound zombies (D:4)
  2 hound skeletons (D:4)
  A howler monkey zombie (D:4)
  13 gnolls
  9 adders
  An adder skeleton (D:4)
  2 worms (D:2)
  2 dart slugs
  5 orcs
  4 bats
  7 endoplasms
  5 goblins
  4 hobgoblins
  4 jackals (D:1)
  4 kobolds
  3 quokkas
  4 ball pythons
  3 frilled lizards
  4 rats
121 creatures vanquished.

Notes
Turn   | Place    | Note
-------+----------+-------------------------------------------
     0 | D:1      | Almogavar the Minotaur Berserker began the quest for the
                  | Orb.
     0 | D:1      | Reached XP level 1. HP: 19/19 MP: 0/0
    47 | D:1      | Found a faded altar of an unknown god.
   468 | D:1      | Reached XP level 2. HP: 23/27 MP: 1/1
  1293 | D:2      | Reached XP level 3. HP: 19/34 MP: 2/2
  1536 | D:2      | Found a shadowy altar of Dithmenos.
  1958 | D:3      | Found Zuch's Antique Armour Emporium.
  2028 | D:3      | Found Nela's Jewellery Boutique.
  2043 | D:3      | Reached XP level 4. HP: 41/41 MP: 3/3
  2060 | D:3      | Reached ** piety under Trog
  2218 | D:3      | Found Cuobryor's Weapon Shop.
  2337 | D:3      | Found Uhiack's Armour Shop.
  2362 | D:3      | Found Caijipto's Book Shoppe.
  2899 | D:4      | Reached skill level 5 in Long Blades
  2915 | D:4      | Reached skill level 5 in Fighting
  2915 | D:4      | Reached XP level 5. HP: 48/48 MP: 4/4
  3530 | D:4      | Reached skill level 1 in Ranged Weapons
  3530 | D:4      | Reached XP level 6. HP: 56/56 MP: 5/5
  4021 | D:4      | Reached XP level 7. HP: 61/61 MP: 6/6
  4107 | D:4      | Noticed a two-headed ogre
  4121 | D:4      | Reached skill level 5 in Armour
  4144 | D:4      | Killed a two-headed ogre
  4145 | D:4      | Reached XP level 8. HP: 68/70 MP: 7/7
  4267 | D:4      | Noticed Blork the orc
  4279 | D:4      | Killed Blork the orc
  4513 | D:5      | Entered Level 5 of the Dungeon
  4908 | D:5      | Noticed YordlordTheGreat's ghost (amateur FeTm)
  4912 | D:5      | Found a runed translucent gate.
  4912 | D:5      | Found a runed translucent gate.
  4912 | D:5      | Found a runed translucent gate.
  5205 | D:5      | Found a staircase to the Ecumenical Temple.
  5304 | D:5      | Reached skill level 5 in Dodging
  6134 | D:5      | Reached XP level 9. HP: 78/78 MP: 8/8
  6136 | D:5      | Killed YordlordTheGreat's ghost
  6616 | D:6      | Noticed Eustachio
  6631 | D:6      | Killed Eustachio
  7186 | D:6      | Found a burning altar of Makhleb.
  7188 | D:6      | Noticed a green death
  7838 | D:7      | Reached *** piety under Trog
  8275 | D:7      | Found Amuas's Antique Weapon Boutique.
  8659 | D:7      | HP: 5/106 [wight/+1 short sword of speed (1)]
  8664 | D:7      | HP: 1/108 [wight/+1 short sword of speed (5)]
  8664 | D:7      | Slain by a wight

Illustrated notes

Levels and vault maps discovered:
D:1:      lightli_arrival_lavapool, layout_basic,
          shapermc_ecumenical_altar_flowoftime, hangedman_decor_push,
          chequers_serial_rivers_micro_a, minivault_23
D:2:      layout_basic, basic_altar
D:3:      layout_basic, serial_shops, shop, nicolae_shop_tiny_glass, shop,
          nicolae_shop_real_fake_doors, nicolae_shop_stone
D:4:      layout_loops_cross, serial_undead, serial_undead_a, serial_undead_e,
          serial_undead_b, serial_undead_e, serial_undead_f, serial_undead_f,
          serial_undead_a, chequers_big_river, minmay_misc_feat_five,
          uniq_blork_the_orc
D:5:      layout_layer_cave, temple_doors_cd, gammafunk_ghost_split,
          roderic_cross_of_infinity, roderic_lattice_a
D:6:      layout_layer_cave, makhleb_altar_promises_db, uniq_eustachio
D:7:      layout_basic, serial_shops, shop

Skill      XL: |  1  2  3  4  5  6  7  8  9 |
---------------+----------------------------+-----
Fighting       | 4 5 6 7 |  7.2
Long Blades    | 4 5 6 7 8 9 |  9.5
Dodging        | 3 4 5 |  5.5
Armour         | 3 4 7 8 9 |  9.6
Ranged Weapons | 1 2 |  2.7

Action                     |  1- 3 |  4- 6 |  7- 9 || total
---------------------------+-------+-------+-------++-------
  Melee: Falchion          |   103 |   129 |   243 ||   475
         Headbutt          |    22 |    26 |    53 ||   101
         Punch             |     1 |       |     2 ||     3
   Fire: Sling             |       |    14 |     4 ||    18
 Invoke: Berserk           |       |     3 |     4 ||     7
         Trog's Hand       |       |       |     1 ||     1
    Use: Scroll            |       |     5 |     1 ||     6
         Potion            |       |     1 |       ||     1
   Stab: Sleeping          |       |     1 |       ||     1
 Armour: Animal skin       |    17 |    15 |       ||    32
         Ring mail         |       |    32 |    85 ||   117
         Scale mail        |       |       |     5 ||     5
  Dodge: Dodged            |    44 |    91 |   134 ||   269
